 Dungeon Crawl Stone Soup version 0.27.1-15-g792fb953b9 (webtiles) character file.

Game seed: 1172635642993029311

16 zeram the Ducker (level 2, -1/21 HPs)
             Began as an Octopode Fighter on Nov 19, 2021.
             Slain by a goblin (2 damage)
             ... on level 1 of the Dungeon.
             The game lasted 00:00:47 (854 turns).

zeram the Ducker (Octopode Fighter)                  Turns: 854, Time: 00:00:48

Health: -1/21      AC:  1    Str: 15    XL:     2   Next: 58%
Magic:  2/2        EV: 11    Int: 10    God:
Gold:   0          SH:  8    Dex: 11    Spells: 1/1 levels left

rFire    . . .     SeeInvis .   a - +0 war axe
rCold    . . .     Faith    .   b - +0 kite shield
rNeg     . . .     Spirit   .   (helmet restricted)
rPois    .         Reflect  .   (no amulet)
rElec    .         Harm     .   (no ring)
rCorr    .         Rampage  .   (no ring)
Will     .....                  (no ring)
Stlth    ++........             (no ring)
HPRegen  0.07/turn              (no ring)
MPRegen  0.08/turn              (no ring)
                                (no ring)
                                (no ring)

@: no status effects
A: almost no armour, amphibious, 8 rings, camouflage 1, gelatinous body 1,
(nimble swimmer 1), tentacles
a: no special abilities


You were on level 1 of the Dungeon.
You visited 1 branch of the dungeon, and saw 1 of its levels.

Inventory:

Hand Weapons
 a - a +0 war axe (weapon)
Armour
 b - a +0 kite shield (worn)
Scrolls
 d - a scroll of teleportation {unknown}
Potions
 c - a potion of might
 e - a potion of curing {unknown}


   Skills:
 - Level 3.0 Fighting
 + Level 2.2 Axes
 + Level 3.4 Dodging
 + Level 3.2 Shields


You had one spell level left.
You didn't know any spells.
Your spell library was empty.

Dungeon Overview and Level Annotations

Branches:
Dungeon (1/15)

Altars:


Innate Abilities, Weirdness & Mutations

You cannot wear most types of armour.
You are amphibious.
You can wear up to eight rings at the same time.
Your skin changes colour to match your surroundings (Stealth+).
Your rubbery body absorbs attacks. (AC +1, EV +1)
((You are camouflaged near water. (Stealth+)))
You have tentacles for arms and can constrict up to eight enemies at once.


Message History

Found an escape hatch in the floor.
A quokka and a goblin come into view.
The goblin shouts!
The goblin enters a dispersal trap!
The goblin blinks!
The quokka blinks!
You blink.
A goblin comes into view. It is wielding a +0 club.
Found a stone staircase leading down.
The goblin blinks!
There are monsters nearby!
There are monsters nearby!
There are monsters nearby!
A kobold comes into view. It is wielding a +0 short sword.
The quokka misses you. The quokka bites you.
You closely miss the goblin.
The kobold shouts!
You grab the goblin. You barely miss the quokka. You constrict the goblin.
You block the goblin's attack. The quokka bites you.
The goblin hits you with a +0 club. The goblin barely misses you.
The quokka bites you.
You hit the goblin.
You kill the goblin!
You barely miss the goblin. You hit the quokka. You block the quokka's attack.
The goblin closely misses you. The goblin barely misses you.
The quokka completely misses you.
You hit the quokka. You grab the quokka. You squeeze the quokka.
You kill the quokka!
You miss the goblin. The goblin hits you with a +0 club.
You are too injured to fight recklessly!
You are too injured to fight recklessly!
You are too injured to fight recklessly!
You are too injured to fight recklessly!
Unknown command.
You are too injured to fight recklessly!
You closely miss the kobold. You grab the kobold.
You hit the goblin but do no damage. You constrict the kobold.
The goblin hits you with a +0 club.
* * * LOW HITPOINT WARNING * * *
The kobold hits you with a +0 short sword.
* * * LOW HITPOINT WARNING * * *
The goblin hits you with a +0 club.
You die...

#.# # #.# ## #
#.####### .## #.
#.....>.# #.#
#####>#####
#.#####.# .##
#.........###.## ##
#..........## #
###................
........@g....#.##.#
....#.^.).K...##.#
#.# #............# #
#............
#.........###
............# ##
#.#...........# .#
## #.#.####.......
.###....


You could see a goblin and a kobold.

Vanquished Creatures
  2 endoplasms (D:1)
  A hobgoblin (D:1)
  A kobold (D:1)
  3 quokkas (D:1)
  2 bats (D:1)
  5 frilled lizards (D:1)
  A goblin (D:1)
  A rat (D:1)
16 creatures vanquished.

Notes
Turn   | Place    | Note
-------+----------+-------------------------------------------
     0 | D:1      | zeram the Octopode Fighter began the quest for the Orb.
     0 | D:1      | Reached XP level 1. HP: 16/16 MP: 1/1
   411 | D:1      | Reached XP level 2. HP: 21/21 MP: 2/2
   854 | D:1      | HP: 1/21 [kobold (4)]
   854 | D:1      | Slain by a goblin

Illustrated notes

Levels and vault maps discovered:
D:1:      amcnicky_arrival_single_pillar, layout_loops_corners,
          basic_ecumenical_altar, minmay_misc_feat_five

Action                   || total
-------------------------++-------
Melee: War axe           ||    38
       Constrict         ||     8
       Tentacles         ||     7
Armor: Skin              ||     6
Dodge: Dodged            ||    29
Block: Kite shield       ||    19
